 Dungeon Crawl Stone Soup version 0.28.0 (webtiles) character file.

Game seed: 9890857631822767380

245 cbfl8 the Sneak (level 5, -3/47 HPs)
             Began as a Minotaur Delver on Feb 14, 2022.
             Slain by Sigmund (14 damage)
             ... on level 3 of the Dungeon.
             The game lasted 00:03:24 (1106 turns).

cbfl8 the Sneak (Minotaur Delver)                   Turns: 1106, Time: 00:03:26

Health: -3/47      AC:  3    Str: 25    XL:     5   Next: 84%
Magic:  4/4        EV: 12    Int:  7    God:
Gold:   58         SH:  0    Dex: 11    Spells: 4/4 levels left

rFire   + . .      SeeInvis .   d - +3 flail
rCold   x . .      Faith    .   (no shield)
rNeg    . . .      Spirit   .   b - +0 leather armour
rPois   .          Reflect  .   (helmet restricted)
rElec   .          Harm     .   (no cloak)
rCorr   .          Rampage  .   (no gloves)
Will    .....                   (no boots)
Stlth   +.........              (no amulet)
HPRegen 0.15/turn               h - +6 ring of strength
MPRegen 0.09/turn               i - ring of fire

@: confused
A: horns 2, retaliatory headbutt
a: no special abilities


You were on level 3 of the Dungeon.
You visited 1 branch of the dungeon, and saw 3 of its levels.
You also visited: Ossuary.

You collected 58 gold pieces.

Inventory:

Hand Weapons
 a - a +0 hand axe
 d - a +3 flail (weapon)
Missiles
 j - 27 arrows
Armour
 b - a +0 leather armour (worn)
Jewellery
 h - a +6 ring of strength (left hand)
 i - a ring of fire (right hand)
Wands
 g - a wand of digging (3)
 k - a wand of flame (32)
 l - a wand of iceblast (8)
 o - a wand of acid (11)
Scrolls
 c - a scroll of fog
 e - a scroll of fear
 m - a scroll of torment {unknown}
 n - 3 scrolls of identify {unknown}
 p - a scroll of teleportation {unknown}
Potions
 f - 2 potions of haste


   Skills:
 + Level 4.5 Fighting
 + Level 3.9 Axes
 + Level 2.1 Armour
 + Level 3.1 Dodging
 + Level 5.3 Stealth


You had 4 spell levels left.
You didn't know any spells.
Your spell library contained the following spells:

 Spells                   Type           Power      Damage    Failure   Level
 Corpse Rot               Necr/Air       0%         N/A       61%         2
 Dispel Undead            Necr           0%         3d6       99%         4
 Death Channel            Necr           0%         N/A       100%        6


Dungeon Overview and Level Annotations

Branches:
Dungeon (5/15)            Ossuary (visited)
 Temple: D:4-7

Altars:

Annotations:
D:3 Sigmund
D:4 Blork the orc


Innate Abilities, Weirdness & Mutations

You have a pair of horns on your head.
You reflexively headbutt those who attack you in melee.


Message History

Sigmund is lightly wounded.
Sigmund barely misses you. Sigmund misses you.
You bump into the rock wall.
Sigmund closely misses you. Sigmund barely misses you.
You bump into the rock wall.
You feel less confused. Sigmund hits you with a +0 scythe!
You closely miss Sigmund.
Sigmund is lightly wounded.
Sigmund points at you and mumbles some strange words.
You are confused.
Sigmund casts a spell at you. The magic dart hits you.
Sigmund hits you with a +0 scythe!
You sock Sigmund!
Sigmund is moderately wounded.
Sigmund barely misses you.
You barely miss Sigmund.
Sigmund is moderately wounded.
Sigmund hits you but does no damage.
You feel less confused. Sigmund casts a spell at you. The magic dart hits you.
You thump Sigmund!
Sigmund is severely wounded.
Sigmund misses you.
You closely miss Sigmund.
Sigmund is severely wounded.
Sigmund hits you with a +0 scythe!
* * * LOW HITPOINT WARNING * * *
You hit Sigmund but do no damage.
Sigmund is heavily wounded.
Sigmund hits you but does no damage.
You barely miss Sigmund. You headbutt Sigmund.
Sigmund is severely wounded.
Sigmund casts a spell at you.
You are confused.
Sigmund hits you from afar with a +0 scythe!
You die...

... ...
#####################.###
?..........@.@......#...#
.##...#....####.....#.#.##
#.. #....# ##...#.#.. #.
#.(..###### ..#..### ..
##........# ..#>...# ..
#...#....# #.#..#.# .
#...#....# #.#....#
##..##...# #.#.####
#..####.###.#.#


You could see Sigmund.

Vanquished Creatures
  A bullfrog (D:4)
  A water moccasin skeleton (D:4)
  A centaur zombie (D:5)
  A hound (D:5)
  A hound zombie (D:5)
  2 hound skeletons
  2 adders (D:4)
  3 orcs
  An endoplasm (D:4)
  3 ball pythons
16 creatures vanquished.

Notes
Turn   | Place    | Note
-------+----------+-------------------------------------------
     0 | D:5      | cbfl8 the Minotaur Delver began the quest for the Orb.
     0 | D:5      | Reached XP level 1. HP: 19/19 MP: 0/0
    75 | D:5      | Reached XP level 2. HP: 24/27 MP: 1/1
   157 | D:5      | Reached XP level 3. HP: 26/33 MP: 2/2
   307 | D:5      | Reached skill level 5 in Stealth
   307 | D:5      | Reached XP level 4. HP: 8/40 MP: 3/3
   691 | D:5      | Noticed a phantom
   701 | D:4      | Noticed Blork the orc
   717 | D:4      | Reached skill level 1 in Armour
   728 | D:4      | Reached XP level 5. HP: 37/47 MP: 4/4
   820 | D:4      | Found a sand-covered staircase.
   834 | Ossuary  | Entered an ossuary
  1076 | D:3      | Noticed Sigmund
  1106 | D:3      | Slain by Sigmund

Illustrated notes

Levels and vault maps discovered:
D:3:      minmay_recursive_quarters, layout_basic, kennysheep_generic_room_15,
          uniq_sigmund, uniq_ijyb
D:4:      layout_basic, enter_ossuary_1, uniq_blork_the_orc
D:5:      layout_rooms

Skill      XL: |  1  2  3  4  5 |
---------------+----------------+-----
Fighting       | 4 |  4.5
Axes           | 3 |  3.9
Stealth        | 5 |  5.3
Armour         | 1 2 |  2.1
Dodging        | 3 |  3.1

Action                   |  1- 3 |  4- 6 || total
-------------------------+-------+-------++-------
Melee: Hand axe          |    26 |    23 ||    49
       Headbutt          |     8 |     7 ||    15
       Flail             |       |    13 ||    13
  Use: Scroll            |       |     1 ||     1
       Potion            |       |     1 ||     1
 Stab: Sleeping          |     1 |       ||     1
Armor: Leather armour    |    10 |     6 ||    16
Dodge: Dodged            |    32 |    34 ||    66
